Map: Chain of Ascension

Players

Alebay

  • Race: Protoss Protoss
  • Spawn Location: 11:00

MattBarry

  • Race: Protoss Protoss
  • League: Gold
  • Spawn Location: 11:00

VOD

Have the link to the VOD?

Description

Time

  • Played on: Jan. 28, 2023, 12:21 a.m.
  • Length: 31:50
Show
View Real Time Build Order
Export as new Build Order

Alebay Protoss 

Build Orders:  

Get SALT Encoding   

  12  0:04  Probe (Chrono Boost)  
  13  0:17  Probe (Chrono Boost)  
  14  0:25  Pylon  
  14  0:30  Probe (Chrono Boost)  
  15  0:43  Probe (Chrono Boost)  
  16  0:52  Gateway  
  16  0:54  Cybernetics Core  
  16  0:56  Probe (Chrono Boost)  
  17  1:06  Assimilator  
  17  1:09  Probe (Chrono Boost)  
  18  1:22  Probe (Chrono Boost)  
  19  1:35  Probe (Chrono Boost)  
  20  1:43  Pylon  
  20  1:48  Probe (Chrono Boost)  
  21  1:57  Legionnaire  
  24  2:01  Probe (Chrono Boost)  
  24  2:05  Kaldalis' A.I. Personality  
  24  2:08  Warp Gate  
  25  2:14  Probe (Chrono Boost)  
  26  2:24  Assimilator  
  26  2:27  Probe (Chrono Boost)  
  27  2:34  Adept  
  29  2:41  Probe (Chrono Boost)  
  30  2:54  Talis' A.I. Personality  
  30  2:58  Probe (Chrono Boost)  
  31  3:06  Pylon  
  31  3:15  Probe (Chrono Boost)  
  32  3:28  Legionnaire  
  35  3:41  Gateway  
  35  3:45  Twilight Council  
  35  3:53  Adept  
  37  4:32  Adept  
  37  4:35  Charge  
  39  4:58  Pylon  
  39  5:00  Pylon  
  39  5:04  Adept x2  
  43  5:18  Forge  
  43  5:21  Psionic Projection  
  43  5:22  Gateway  
  43  5:43  Adept x2  
  47  6:07  Empowered Blades  
  47  6:08  Protoss Ground Weapons Level 1  
  47  6:09  Legionnaire x2  
  53  6:26  Pylon  
  53  6:31  Forge  
  51  6:53  Debilitation System  
  51  6:59  Adept x3  
  52  7:26  Legionnaire  
  55  7:49  Nexus  
  52  7:50  Adept x3  
  54  8:23  Pylon  
  54  8:26  Pylon  
  54  8:27  Purifier Armaments  
  54  8:29  Pylon  
  54  8:40  Adept  
  54  8:41  Adept x2  
  54  8:49  Probe (Chrono Boost)  
  61  9:08  Adept  
  63  9:10  Adept  
  65  9:25  Probe (Chrono Boost)  
  55  9:40  Protoss Ground Armor Level 1  
  55  9:42  Probe (Chrono Boost)  
  51  10:09  Stargate  
  51  10:11  Stargate  
  51  10:13  Stargate  
  51  10:16  Protoss Air Weapons Level 1  
  51  10:26  Fleet Beacon  
  51  10:27  Probe (Chrono Boost)  
  53  10:32  Probe (Chrono Boost)  
  53  10:34  Adept x2  
  53  10:35  Adept  
  59  10:40  Probe (Chrono Boost)  
  59  10:48  Probe (Chrono Boost)  
  61  10:53  Probe (Chrono Boost)  
  62  11:02  Cybernetics Core  
  62  11:03  Carrier  
  62  11:05  Probe (Chrono Boost)  
  63  11:10  Probe (Chrono Boost)  
  65  11:22  Probe (Chrono Boost)  
  65  11:23  Probe (Chrono Boost)  
  65  11:27  Clolarion's A.I. Personality  
  72  11:44  Probe (Chrono Boost)  
  72  11:45  Assimilator, Probe (Chrono Boost)  
  72  11:48  Assimilator  
  74  11:53  Adept x2  
  80  12:01  Probe (Chrono Boost)  
  80  12:02  Probe (Chrono Boost)  
  80  12:08  Pylon  
  80  12:11  Pylon  
  63  12:41  Protoss Air Armor Level 1  
  63  12:57  Carrier  
  63  13:08  Probe x2 (Chrono Boost)  
  65  13:15  Carrier  
  65  13:17  Graviton Catapult  
  65  13:19  Protoss Air Weapons Level 2  
  77  13:25  Probe x2 (Chrono Boost)  
  79  14:15  Legionnaire  
  79  14:16  Legionnaire x2, Interdictors  
  88  14:21  Observation Protocol  
  88  14:30  Gateway  
  88  14:34  Gateway  
  88  14:38  Gateway  
  89  14:42  Carrier, Probe (Chrono Boost)  
  95  14:58  Legionnaire x2  
  95  14:59  Legionnaire  
  104  15:04  Carrier  
  110  15:35  Carrier  
  116  15:42  Protoss Air Armor Level 2  
  113  15:53  Protoss Air Weapons Level 3  
  113  16:02  Pylon  
  113  16:05  Pylon  
  113  16:06  Legionnaire x3  
  113  16:07  Pylon  
  113  16:08  Pylon  
  113  16:09  Pylon  
  122  16:15  Protoss Ground Weapons Level 2  
  122  16:37  Legionnaire x2  
  122  16:38  Legionnaire x3  
  104  17:43  Legionnaire  
  104  17:44  Legionnaire x4  
  104  17:45  Carrier  
  125  17:51  Carrier  
  131  18:05  Carrier  
  137  18:22  Protoss Air Armor Level 3  
  122  19:06  Legionnaire x3  
  122  19:07  Legionnaire x3  
  140  20:10  Carrier  
  140  20:11  Carrier x2  
  140  20:47  Legionnaire x2  
  140  20:48  Legionnaire x4  
  120  22:13  Carrier  
  120  22:14  Carrier x2  
  120  22:17  Legionnaire x5  
  120  22:18  Legionnaire  
  153  22:52  Protoss Ground Weapons Level 3  
  153  23:02  Protoss Ground Armor Level 2  
  153  23:08  Legionnaire x3  
  162  23:16  Pylon  
  162  23:18  Pylon  
  162  23:20  Pylon  
  162  23:22  Pylon  
  162  23:25  Pylon x2  
  159  24:04  Legionnaire x2  
  159  24:05  Legionnaire x4  
  177  24:17  Carrier  
  183  24:55  Carrier x2  
  186  25:49  Protoss Ground Armor Level 3  
  186  26:07  Protoss Shields Level 1  
  186  26:09  Legionnaire x2  
  192  26:10  Legionnaire x2  
  189  27:04  Legionnaire x2  
  189  27:05  Legionnaire  
  189  27:09  Adept  
  158  28:53  Legionnaire x2  
  158  28:54  Legionnaire  
  167  29:17  Carrier x2  
  167  29:44  Carrier  
  185  30:03  Pylon  
  185  30:05  Pylon  
Show
View Real Time Build Order
Export as new Build Order

MattBarry Protoss 

Build Orders:  

Get SALT Encoding   

  12  0:05  Probe (Chrono Boost)  
  13  0:19  Probe (Chrono Boost)  
  14  0:32  Probe (Chrono Boost)  
  14  0:38  Pylon  
  15  0:54  Pylon  
  15  1:04  Probe (Chrono Boost)  
  15  1:06  Gateway  
  16  1:18  Probe (Chrono Boost)  
  17  1:30  Assimilator  
  17  1:31  Probe (Chrono Boost)  
  18  1:45  Probe (Chrono Boost)  
  19  1:59  Probe (Chrono Boost)  
  20  2:13  Probe (Chrono Boost)  
  21  2:27  Probe (Chrono Boost)  
  22  2:41  Probe (Chrono Boost)  
  22  2:43  Cybernetics Core  
  22  2:46  Gateway  
  23  2:55  Probe (Chrono Boost)  
  24  3:00  Forge  
  24  3:07  Forge  
  24  3:13  Probe (Chrono Boost)  
  25  3:27  Probe (Chrono Boost)  
  25  3:41  Probe (Chrono Boost)  
  26  3:55  Probe (Chrono Boost)  
  27  4:09  Probe (Chrono Boost)  
  26  4:13  Assimilator  
  26  4:16  Warp Gate  
  26  4:22  Probe (Chrono Boost)  
  26  4:23  Death Council  
  26  4:28  Pylon  
  27  4:33  Gateway  
  27  4:36  Probe (Chrono Boost)  
  29  4:50  Probe (Chrono Boost)  
  29  5:01  Pylon  
  29  5:04  Probe (Chrono Boost)  
  29  5:09  Protoss Air Weapons Level 1, Protoss Ground Weapons Level 1  
  30  5:17  Protoss Shields Level 1  
  30  5:33  Supplicant x4  
  39  5:40  Probe (Chrono Boost)  
  39  5:48  Pylon  
  39  5:53  Pylon  
  39  5:54  Probe (Chrono Boost)  
  40  6:10  Cloaking Module  
  40  6:15  Havoc  
  41  6:20  Supplicant x2  
  41  6:21  Supplicant x2  
  45  7:14  Nexus  
  45  7:25  Pylon  
  45  7:29  Pylon  
  45  7:35  Pylon  
  45  7:40  Probe (Chrono Boost)  
  45  7:41  Pylon  
  45  7:48  Slayer x2  
  50  7:54  Probe (Chrono Boost)  
  47  8:08  Probe (Chrono Boost)  
  40  8:33  Bloodshard Resonance  
  40  8:35  Probe (Chrono Boost)  
  41  8:49  Probe (Chrono Boost)  
  42  9:03  Probe (Chrono Boost)  
  43  9:16  Slayer  
  43  9:17  Slayer, Probe (Chrono Boost)  
  43  9:18  Supplicant x2  
  52  9:23  Gateway  
  52  9:26  Gateway  
  52  9:31  Ascendant Archives  
  52  9:45  Havoc  
  48  10:52  Probe x2 (Chrono Boost)  
  50  11:00  Assimilator  
  50  11:01  Assimilator  
  50  11:06  Probe x2 (Chrono Boost)  
  52  11:15  Gateway  
  52  11:18  Gateway  
  54  11:20  Probe x2 (Chrono Boost)  
  54  11:22  Robotics Facility  
  54  11:25  Robotics Facility  
  54  11:34  Probe x2 (Chrono Boost)  
  56  11:48  Probe x2 (Chrono Boost)  
  58  11:51  Ascendant, Power Overwhelming  
  58  11:52  Ascendant  
  58  11:53  Ascendant  
  64  12:02  Probe (Chrono Boost)  
  64  12:03  Probe (Chrono Boost)  
  67  12:20  Probe (Chrono Boost)  
  65  12:53  Warp Prism  
  65  12:55  Warp Prism  
  65  12:57  Supplicant x2  
  65  12:58  Supplicant x6  
  65  12:59  Supplicant x6  
  97  13:19  Ascendant, Mind Blast  
  99  13:21  Ascendant  
  99  13:24  Havoc  
  99  13:25  Slayer  
  99  13:26  Slayer, Supplicant x2  
  100  14:08  Chaotic Attunement  
  100  14:32  Protoss Air Weapons Level 2, Protoss Ground Weapons Level 2  
  100  14:33  Protoss Shields Level 2  
  100  15:00  Blood Shields  
  100  15:25  Gateway  
  88  16:00  Soul Augmentation  
  88  16:15  Supplicant x8  
  88  16:16  Supplicant x2  
  108  16:28  Pylon  
  108  16:34  Pylon  
  108  16:39  Pylon  
  108  16:48  Pylon  
  108  16:58  Pylon  
  108  17:03  Pylon  
  108  17:04  Supplicant x4  
  108  17:05  Supplicant x8  
  108  17:06  Supplicant x4  
  128  17:25  Protoss Ground Weapons Level 3, Protoss Air Weapons Level 3  
  126  17:42  Protoss Ground Armor Level 1, Protoss Air Armor Level 1  
  126  18:05  Forge  
  120  18:27  Havoc x2  
  120  18:28  Slayer x2  
  120  18:29  Slayer  
  128  18:31  Supplicant x2  
  128  18:32  Supplicant x2  
  128  18:37  Ascendant  
  136  19:35  Ascendant  
  136  19:36  Ascendant  
  136  19:37  Supplicant x4  
  86  21:37  Supplicant x4  
  86  21:38  Supplicant x4  
  86  21:39  Supplicant x6  
  98  21:40  Supplicant x2  
  92  22:10  Ascendant x3  
  92  22:11  Protoss Shields Level 3  
  92  22:12  Supplicant x8  
  92  22:13  Supplicant x2  
  92  22:16  Protoss Ground Armor Level 2, Protoss Air Armor Level 2  
  112  22:42  Ascendant x2  
  112  22:43  Ascendant  
  112  22:44  Supplicant x2  
  112  22:45  Supplicant x2  
  126  22:57  Phasing Armor  
  126  23:14  Robotics Bay  
  126  23:17  Robotics Bay  
  124  23:21  Pylon  
  124  23:25  Pylon  
  124  23:28  Pylon  
  124  23:31  Pylon  
  124  23:36  Pylon  
  124  23:38  Pylon  
  124  23:42  Gateway  
  124  23:43  Pylon  
  124  23:47  Gateway  
  124  23:53  Gateway  
  124  23:55  Mothership  
  122  24:00  Gateway  
  122  24:58  Supplicant x6  
  122  24:59  Havoc  
  119  25:00  Havoc  
  119  25:01  Slayer x2  
  119  25:02  Slayer  
  80  26:45  Supplicant x8  
  80  26:46  Supplicant x8  
  80  26:47  Supplicant x6  
  80  26:48  Supplicant x2  
  118  27:40  Supplicant x6  
  118  27:41  Supplicant x8  
  118  27:42  Supplicant x8  
  118  27:43  Supplicant x2  
  148  28:44  Slayer x4  
  148  28:45  Slayer  
  148  28:47  Havoc x3  
  148  28:49  Slayer  
  163  28:50  Slayer x3  
  146  31:02  Supplicant x2  
  146  31:03  Supplicant x8  
  146  31:04  Supplicant x4  
  146  31:05  Supplicant x2  
  146  31:07  Ascendant x4  
  178  31:25  Supplicant x8  
  178  31:26  Supplicant x2  
Tags
 
Commander
AlarakFenix
League
Gold
Matchup
Co-op
Replay Pack
Multiplayer
Add a new tag
Caveats
  • Supply blocks, unpowered buildings, or Contaminate may cause inaccurate times.
  • Supply counts are checked every 10 seconds.